 Dungeon Sprint DCSS version 0.30-a0-1163-gf69bf04e7a (webtiles) character file.

Game seed: 8417670289371682879

396 rocky1 the Geomancer (level 6, -1/33 HPs)
             Began as a Deep Elf Earth Elementalist on Apr 29, 2023.
             Was an Elder of Sif Muna.
             Slain by a shadow wraith (6 damage)
             ... in the Dungeon (Sprint VII: "The Pits").
             The game lasted 00:02:21 (1147 turns).

rocky1 the Geomancer (Deep Elf Earth Elementalist)  Turns: 1147, Time: 00:02:22

Health: -1/33      AC:  2    Str:  5    XL:     6   Next: 52%
Magic:  16/20      EV: 13    Int: 22    God:    Sif Muna [****..]
Gold:   0          SH:  0    Dex: 15    Spells: 20/24 levels left

rFire   . . .        k - +2 quarterstaff (protect)
rCold   . . .        (shield currently unavailable)
rNeg    . . .        a - +0 robe
rPois   .            (no helmet)
rElec   .            (no cloak)
rCorr   .            (no gloves)
SInv    .            (no boots)
Will    .....        (no amulet)
Stlth   ++           (no ring)
HPRegen 0.25/turn    (no ring)
MPRegen 0.17/turn

%: no teleportation
@: slowed, very slow
A: no striking features
a: Renounce Religion, Channel Magic, Forget Spell, Divine Exegesis


You were in the Dungeon.
You worshipped Sif Muna.
Sif Muna was greatly pleased with you.
You visited 1 branch

Inventory:

Hand Weapons
 k - a +2 quarterstaff of protection (weapon)
Armour
 a - a +0 robe (worn)
Scrolls
 g - a scroll of blinking
 i - 5 scrolls of amnesia
 j - a scroll of summoning
Potions
 b - 5 potions of magic
 c - 6 potions of curing
 d - 6 potions of heal wounds
 e - a potion of haste
 f - 3 potions of berserk rage
 h - 2 potions of invisibility


   Skills:
 + Level 0.4 Fighting
 - Level 3.6 Dodging
 - Level 3.3 Stealth
 + Level 9.8 Spellcasting
 * Level 4.8 Conjurations
 - Level 1.2 Transmutations
 * Level 11.3 Earth Magic
 * Level 4.6 Invocations


You had 20 spell levels left.
You knew the following spells:

 Your Spells              Type           Power      Damage    Failure   Level
a - Sandblast             Erth           100%       2d20      1%          1
b - Stone Arrow           Conj/Erth      92%        3d12      1%          3

Your spell library contained the following spells:

 Spells                   Type           Power      Damage    Failure   Level
 Passwall                 Tmut/Erth      31%        N/A       1%          2
 Petrify                  Tmut/Erth      38%        N/A       4%          4


Dungeon Overview and Level Annotations

Branches:
Dungeon (1/1)

Altars:
Ashenzari
Cheibriados
Dithmenos
Elyvilon
Fedhas
Gozag
Hepliaklqana
Kikubaaqudgha
Makhleb
Nemelex Xobeh
Okawaru
Qazlal
Ru
Sif Muna
Trog
Uskayaw
Vehumet
Wu Jian
Xom
Yredelemnul
Zin
The Shining One
Jiyva
Lugonu


Message History

Aim: Jessica, wielding a +0 dagger and wearing a +0 robe (asleep, 100% to hit)
The blast of sand hits Jessica!!
You kill Jessica!
Sif Muna accepts your kill.
There is an open door here.
Things that are here:
a +0 dagger; a +0 robe; the human corpse of Jessica You open the door.
Aiming: Sandblast (safe; 1% risk of failure)
Press: ? - help, Q - select action, (/) - cycle Shift-Dir - straight line, f - you That would be overly suicidal.
Okay, then.
Unknown command.
Aiming: Sandblast (safe; 1% risk of failure)
Press: ? - help, Q - select action, (/) - cycle Shift-Dir - straight line The blast of sand hits something!
You hear a chilling moan.
Unknown command.
Aiming: Sandblast (safe; 1% risk of failure)
Press: ? - help, Q - select action, (/) - cycle Shift-Dir - straight line The blast of sand hits something!
Something barely misses you. Something hits you but does no damage.
Deactivating autopickup; reactivate with Ctrl-A.
Unknown command.
Aiming: Sandblast (safe; 1% risk of failure)
Press: ? - help, Q - select action, (/) - cycle Shift-Dir - straight line The blast of sand hits something but does no damage.
Something hits you!!
Ouch! That really hurt!
* * * LOW HITPOINT WARNING * * *
Something drains your vigour!
You feel yourself slow down.
Aiming: Sandblast (safe; 1% risk of failure)
Press: ? - help, Q - select action, (/) - cycle Shift-Dir - straight line The blast of sand hits something!!
Something hits you.
* * * LOW HITPOINT WARNING * * *
Something drains your vigour!
You feel as though you will be slow longer.
Something hits you.
You die...

#.#..[).)..##.......#
#'###########.......#
#.......# #########
#.###...# #.#.....#
#.#.†.#.#+#
#.....#.#.+
#...###.#'#
#...†...'@#
###########


There were no monsters in sight!

Vanquished Creatures
  A sky beast (D)
  A black bear (D)
  A phantom (D)
  A quasit (D)
  A hound (D)
  Jessica (D)
  2 adders (D)
  A gnoll (D)
  A river rat (D)
  An ufetubus (D)
  2 bats (D)
  2 bat skeletons (D)
  2 kobolds (D)
17 creatures vanquished.

Notes
Turn   | Place    | Note
-------+----------+-------------------------------------------
     0 | D        | rocky1 the Deep Elf Earth Elementalist began the quest for
                  | the Orb.
     0 | D        | Reached XP level 1. HP: 10/10 MP: 6/6
    18 | D        | Found a bloodstained altar of Trog.
    18 | D        | Found a shimmering blue altar of Sif Muna.
    18 | D        | Found a viscous altar of Jiyva.
    18 | D        | Found a hazy altar of Hepliaklqana.
    18 | D        | Found an opulent altar of Gozag.
    19 | D        | Found a glowing golden altar of the Shining One.
    19 | D        | Found a glowing silver altar of Zin.
    19 | D        | Found a basalt altar of Yredelemnul.
    19 | D        | Found a shimmering altar of Xom.
    19 | D        | Found an ornate altar of the Wu Jian Council.
    19 | D        | Found a sacrificial altar of Ru.
    19 | D        | Found a stormy altar of Qazlal.
    19 | D        | Found an iron altar of Okawaru.
    19 | D        | Found a sparkling altar of Nemelex Xobeh.
    19 | D        | Found a burning altar of Makhleb.
    19 | D        | Found a blossoming altar of Fedhas.
    19 | D        | Found a white marble altar of Elyvilon.
    19 | D        | Found a shadowy altar of Dithmenos.
    19 | D        | Found a snail-covered altar of Cheibriados.
    22 | D        | Found a corrupted altar of Lugonu.
    22 | D        | Found a radiant altar of Vehumet.
    23 | D        | Found an ancient bone altar of Kikubaaqudgha.
    23 | D        | Found a hide-covered altar of Uskayaw.
    23 | D        | Found a broken altar of Ashenzari.
    24 | D        | Became a worshipper of Sif Muna the Loreminder
    59 | D        | Reached skill level 4 in Earth Magic
    66 | D        | Reached XP level 2. HP: 15/15 MP: 3/9
    68 | D        | Reached * piety under Sif Muna
    69 | D        | Reached skill level 5 in Spellcasting
    69 | D        | Reached skill level 5 in Earth Magic
   339 | D        | Reached XP level 3. HP: 4/19 MP: 7/12
   507 | D        | Learned a level 3 spell: Stone Arrow
   510 | D        | Reached ** piety under Sif Muna
   512 | D        | Reached skill level 6 in Earth Magic
   783 | D        | Noticed a sky beast
   788 | D        | Killed a sky beast
   788 | D        | Reached *** piety under Sif Muna
   789 | D        | Reached skill level 8 in Earth Magic
   789 | D        | Reached XP level 4. HP: 24/24 MP: 10/15
   789 | D        | Reached XP level 5. HP: 28/28 MP: 10/16
   831 | D        | Reached skill level 9 in Earth Magic
   952 | D        | Noticed a phantom
   956 | D        | Killed a phantom
   956 | D        | Reached **** piety under Sif Muna
   957 | D        | Reached skill level 10 in Earth Magic
   957 | D        | Reached XP level 6. HP: 20/32 MP: 13/19
  1007 | D        | Reached skill level 11 in Earth Magic
  1139 | D        | Noticed Jessica
  1140 | D        | Killed Jessica
  1147 | D        | Slain by a shadow wraith

Illustrated notes

Levels and vault maps discovered:
D:        pitsprint [storerooms_1, entrance_room_1, metal_vault_2, armoury_2,
          mini_pit_1, grid_room_1, main_hall_1, silver_pit, the_coven_1,
          the_vestibule_1, steel_vault_5, golden_pit, hallway_of_sentries,
          crystal_vault_2, iron_vault_1, final_vault]

Skill      XL: |  1  2  3  4  5  6 |
---------------+-------------------+-----
Dodging        | 3 |  3.6
Spellcasting   | 4 5 7 8 9 |  9.8
Earth Magic    | 4 5 8 10 11 | 11.3
Stealth        | 3 |  3.3
Conjurations   | 2 4 |  4.8
Invocations    | 2 3 4 |  4.6
Fighting       | |  0.4
Transmutations | |  1.2

Action                     |  1- 3 |  4- 6 || total
---------------------------+-------+-------++-------
   Cast: Sandblast         |    21 |    14 ||    35
 Armour: Robe              |     1 |     3 ||     4
  Dodge: Dodged            |    11 |     3 ||    14

Table legend: (Time is in decaauts)
 A = Elapsed time spent in this place.
 B = Non-inter-level travel time spent in this place.
 C = Inter-level travel time spent in this place.
 D = Time resting spent in this place.
 E = Time spent auto-exploring this place.
 F = Levels seen in this place.
 G = Mean time per level.
                   A        B        C        D        E       F      G
               +--------+--------+--------+--------+--------+-----+--------+
         Total |   1163 |   1153 |     10 |    973 |      0 |   1 | 1163.0 |
       Dungeon |   1163 |   1153 |     10 |    973 |      0 |   1 | 1163.0 |
               +--------+--------+--------+--------+--------+-----+--------+

Top non-repeatable levels by time:
       D: 1163 daAuts
